 Dungeon Crawl Stone Soup version 0.21.1-1-g345015f (webtiles) character file.

63 Lilu the Conjurer (level 3, -4/19 HPs)
             Began as a Deep Elf Conjurer on July 29, 2018.
             Slain by a centaur (7 damage)
             ... on level 2 of the Dungeon.
             The game lasted 00:05:01 (1438 turns).

Lilu the Conjurer (Deep Elf Conjurer)               Turns: 1438, Time: 00:05:02

Health: -4/19      AC:  2    Str:  9    XL:     3   Next: 89%
Magic:  6/9        EV: 13    Int: 19    God:
Gold:   46         SH:  0    Dex: 15    Spells: 5/8 levels left

rFire    . . .     SeeInvis .   e - +1 short sword (protect)
rCold    . . .     Gourm    .   (no shield)
rNeg     . . .     Faith    .   a - +0 robe
rPois    .         Spirit   .   (no helmet)
rElec    .         Reflect  .   (no cloak)
rCorr    .         Harm     .   (no gloves)
MR       .....                  (no boots)
Stlth    ++........             (no amulet)
HPRegen  0.06/turn              m - +3 ring of strength
MPRegen  0.11/turn              (no ring)

@: no status effects
A: no striking features
a: no special abilities


You were on level 2 of the Dungeon.
You were hungry.

You visited 1 branch of the dungeon, and saw 2 of its levels.

You collected 46 gold pieces.

Inventory:

Hand Weapons
 e - a +1 short sword of protection (weapon)
Missiles
 g - 8 tomahawks (quivered)
 j - 35 stones
 p - 8 poisoned needles
Armour
 a - a +0 robe (worn)
Jewellery
 m - a +3 ring of strength (left hand)
Scrolls
 d - a scroll of immolation {unknown}
 f - 2 scrolls of identify {unknown}
 l - a scroll of fog {unknown}
 n - a scroll of enchant armour {unknown}
 o - 2 scrolls of blinking {unknown}
Potions
 h - a potion of haste {unknown}
 i - a potion of mutation {unknown}
 k - 2 potions of curing {unknown}
 r - a potion of magic {unknown}
Books
 b - a book of Conjurations

   Spells                             Type                      Level
   a - Magic Dart                     Conjuration                  1
   b - Searing Ray                    Conjuration                  2
   c - Dazzling Spray                 Conjuration/Hexes            3
   d - Fulminant Prism                Conjuration/Hexes            4
   e - Force Lance                    Conjuration/Translocation    4
   f - Iskenderun's Mystic Blast      Conjuration                  4
Comestibles
 c - 2 rations
 q - 2 chunks of flesh


   Skills:
 - Level 2.4 Dodging
 - Level 2.4 Stealth
 - Level 3.0 Spellcasting
 + Level 6.1 Conjurations


You had 5 spell levels left.
You knew the following spells:

 Your Spells              Type           Power        Failure   Level  Hunger
a - Magic Dart            Conj           ####         1%          1    None
b - Searing Ray           Conj           ####..       1%          2    ##.....


Dungeon Overview and Level Annotations

Branches:
Dungeon (2/15)

Altars:


Message History

The centaur shoots an arrow.
The arrow hits you.
Things that are here:
an arrow; a hunting sling
Casting: Magic Dart
Confirm with . or Enter, or press ? or * to list all spells.
Aiming: Searing Ray
Press: ? - help, Shift-Dir - straight line, f - centaur
Aim: a centaur, wielding a shortbow The searing ray hits the centaur.
The centaur is lightly wounded. (Press . to maintain the ray.)
You are feeling hungry.
The centaur shoots an arrow.
The arrow hits you!
Ouch! That really hurt!
* * * LOW HITPOINT WARNING * * *
The searing ray hits the centaur.
The centaur is moderately wounded.
The centaur unwields an uncursed shortbow.
The centaur hits you!
You die...

.......).......#
#...####.#..##.#.#
##### #.#..##.#.#
#....##.#.#
##......#.#
#....###.# #....#
#.# #....###c#
#......(@#
♣.......####
♣♣#.....# #.....#
#.#...# #..<..#
#.###.# #. #.#


You could see a centaur.

Vanquished Creatures
  3 adders (D:2)
  2 dart slugs
  2 leopard geckos (D:1)
  6 goblins
  2 hobgoblins (D:1)
  2 jackals (D:2)
  A quokka (D:2)
  A ball python (D:2)
  4 bats
  2 frilled lizards (D:1)
  5 kobolds
  2 rats (D:1)
32 creatures vanquished.

Notes
Turn   | Place    | Note
-------+----------+-------------------------------------------
     0 | D:1      | Lilu the Deep Elf Conjurer began the quest for the Orb.
     0 | D:1      | Reached XP level 1. HP: 10/10 MP: 6/6
   170 | D:1      | Reached XP level 2. HP: 15/15 MP: 1/8
   174 | D:1      | Learned a level 2 spell: Searing Ray
   276 | D:1      | Reached skill level 5 in Conjurations
   891 | D:1      | You fall through a shaft!
  1052 | D:2      | Reached XP level 3. HP: 19/19 MP: 6/9
  1369 | D:2      | Reached skill level 6 in Conjurations
  1435 | D:2      | Noticed a centaur
  1438 | D:2      | Slain by a centaur

Skill      XL: |  1  2  3 |
---------------+----------+-----
Conjurations   | 5 6 |  6.1
Dodging        | |  2.4
Stealth        | |  2.4
Spellcasting   | |  3.0

Action                   || total
-------------------------++-------
Throw: Tomahawk          ||    25
 Cast: Magic Dart        ||    53
       Searing Ray       ||     2
  Eat: Chunk             ||     1
Armor: Robe              ||     3
Dodge: Dodged            ||    17
